 Dungeon Crawl Stone Soup version 0.23.0 (webtiles) character file.

Game seed: 5068607641294258867

610 Cynry the Chopper (level 7, -1/56 HPs)
             Began as a Formicid Abyssal Knight on Feb 14, 2019.
             Was a Priest of Lugonu.
             Slain by Menkaure (4 damage)
             ... on level 4 of the Dungeon.
             The game lasted 00:09:27 (4863 turns).

Cynry the Chopper (Formicid Abyssal Knight)         Turns: 4863, Time: 00:09:27

Health: -1/56      AC: 11    Str: 18    XL:     7   Next: 72%
Magic:  8/8        EV:  7    Int: 12    God:    Lugonu [***...]
Gold:   128        SH:  0    Dex: 10    Spells: 6/6 levels left

rFire    + + .     SeeInvis +   t - +0 war axe
rCold    + . .     Gourm    .   (no shield)
rNeg     . . .     Faith    .   n - +2 chain mail {rF+}
rPois    +         Spirit   .   (helmet unavailable)
rElec    +         Reflect  .   (no cloak)
rCorr    +         Harm     .   (no gloves)
MR       .....                  (no boots)
Stlth    ..........             (no amulet)
HPRegen  0.18/turn              (no ring)
MPRegen  0.11/turn              (no ring)

@: resistant
A: permanent stasis, dig shafts and tunnels, four strong arms, antennae 3
a: Dig, Shaft Self, Depart the Abyss, Bend Space, Banish, Renounce Religion


You were on level 4 of the Dungeon.
You worshipped Lugonu.
Lugonu was most pleased with you.
You were hungry.

You visited 1 branch of the dungeon, and saw 4 of its levels.
You visited the Abyss 1 time.

You collected 215 gold pieces.
You spent 87 gold pieces at shops.

Inventory:

Hand Weapons
 a - a +1 hand axe
 b - a +0 hunting sling
 t - a +0 war axe (weapon)
Missiles
 i - 4 tomahawks (quivered)
 o - 99 stones
 q - 4 tomahawks of returning
Armour
 n - a +2 chain mail of fire resistance (worn)
Jewellery
 u - an uncursed amulet of rage {unknown}
Scrolls
 d - 3 scrolls of enchant armour
 l - 2 scrolls of identify
 p - a scroll of amnesia
 s - a scroll of remove curse {unknown}
Potions
 e - a potion of ambrosia {unknown}
 f - a potion of might {unknown}
 g - 2 potions of resistance
 h - a potion of heal wounds {unknown}
 j - a potion of flight {unknown}
 k - a potion of invisibility {unknown}
 m - a potion of haste {unknown}
 r - a potion of degeneration {unknown}
Comestibles
 c - 9 rations


   Skills:
 + Level 5.3 Fighting
 * Level 5.8 Axes
 + Level 4.7 Armour
 - Level 0.8 Dodging
 - Level 2.1 Invocations


You had 6 spell levels left.
You didn't know any spells.
Your spell library was empty.

Dungeon Overview and Level Annotations

Branches:
Dungeon (4/15)
 Temple: D:4-7

Altars:

Shops:
D:4 (

Annotations:
D:4 Menkaure
Abyss:1 Sigmund


Innate Abilities, Weirdness & Mutations

You cannot be hasted, slowed, berserked, paralysed or teleported.
You can dig through walls and to a lower floor.
Your four strong arms can wield two-handed weapons with a shield.
You have a pair of large antennae on your head. (SInv)


Message History

You feel protected.
You hit Menkaure.
Menkaure is moderately damaged.
Menkaure calls on the powers of darkness!
Your body is wracked with pain!
* * * LOW HITPOINT WARNING * * *
You slash Menkaure!
Menkaure is severely damaged.
Menkaure hits you!
* * * LOW HITPOINT WARNING * * *
You hit Menkaure.
Menkaure is almost destroyed.
Menkaure calls on the powers of darkness!
Your body is wracked with pain!
* * * LOW HITPOINT WARNING * * *
Okay, then.
You barely miss Menkaure.
Menkaure is almost destroyed.
Menkaure hits you.
You die...

.......'...............######
########..........###.......#
....................#######.# ###
###############.. #.....###.###..
# #.. #.#............ #
#.#.#.##......#
###################.#.#..#.......
...)...................>.#...####
################@.....#..#...####
.)......##.....M......#..#...##..
........##............#..#...##.#
........##............#..#...##.#
........##..........#.#.........#
>.......++..........#.#.##.######
........##..........#.#..#.......
.........<#+####.####.#.#########
...)....###.# #.# #...#


You could see Menkaure.

Vanquished Creatures
  2 ogres (D:4)
  An eye of draining (D:4)
  A scorpion (D:4)
  An orc priest (D:1)
  A jelly (D:4)
  A worker ant (D:4)
  A hound skeleton (D:4)
  2 adders (D:3)
  An ooze (D:1)
  3 worms
  4 dart slugs
  3 leopard geckos
  8 orcs
  A bat (D:1)
  3 giant cockroaches
  8 goblins
  5 hobgoblins
  13 jackals
  2 quokkas
  4 frilled lizards
  2 jackal skeletons (D:4)
  8 kobolds
  10 rats
85 creatures vanquished.

Notes
Turn   | Place    | Note
-------+----------+-------------------------------------------
     0 | Abyss:1  | Cynry the Formicid Abyssal Knight began the quest for the
                  | Orb.
     0 | Abyss:1  | Reached XP level 1. HP: 18/18 MP: 2/2
    33 | Abyss:1  | Noticed a wretched star
    34 | D:1      | Escaped the Abyss
   494 | D:1      | Reached XP level 2. HP: 15/24 MP: 3/3
   629 | D:1      | Reached * piety under Lugonu
   831 | D:1      | Reached XP level 3. HP: 29/29 MP: 4/4
  1517 | D:2      | Reached XP level 4. HP: 24/37 MP: 5/5
  1692 | D:2      | Noticed an ogre
  1908 | D:2      | Reached ** piety under Lugonu
  2028 | D:1      | Reached XP level 5. HP: 29/42 MP: 6/6
  3396 | D:4      | Noticed an eye of draining
  3406 | D:4      | Killed an eye of draining
  3406 | D:4      | Reached XP level 6. HP: 43/49 MP: 0/7
  3412 | D:4      | Reached *** piety under Lugonu
  3566 | D:4      | Noticed an ogre
  3573 | D:4      | Killed an ogre
  3573 | D:4      | Reached skill level 5 in Axes
  3622 | D:4      | Reached XP level 7. HP: 46/55 MP: 8/8
  3839 | D:4      | Reached skill level 5 in Fighting
  3855 | D:4      | Noticed Sigmund
  3857 | D:4      | Banished Sigmund
  3890 | D:4      | Noticed Menkaure
  4580 | D:4      | Found Deihiop's Antique Weapon Shop.
  4592 | D:4      | Bought a war axe for 87 gold pieces
  4863 | D:4      | Slain by Menkaure

Skill      XL: |  1  2  3  4  5  6  7 |
---------------+----------------------+-----
Axes           | 3 4 5 |  5.8
Armour         | 3 4 |  4.7
Fighting       | 4 5 |  5.3
Dodging        | |  0.8
Invocations    | |  2.1

Action                   |  1- 3 |  4- 6 |  7- 9 || total
-------------------------+-------+-------+-------++-------
Melee: Hand axe          |    94 |   173 |    16 ||   283
       War axe           |       |       |    12 ||    12
 Fire: Hunting sling     |       |     7 |       ||     7
Throw: Tomahawk          |       |     7 |     7 ||    14
Invok: Depart the Abyss  |     1 |       |       ||     1
       Banish            |       |       |     1 ||     1
  Use: Scroll            |       |     6 |       ||     6
       Potion            |       |       |     1 ||     1
  Eat: Chunk             |     2 |     7 |       ||     9
       Ration            |       |       |     1 ||     1
Armor: Leather armour    |    25 |       |       ||    25
       Chain mail        |       |   101 |    13 ||   114
       Ring mail         |       |     2 |       ||     2
Dodge: Dodged            |    51 |    68 |     6 ||   125
